 Dungeon Sprint DCSS version bcrawl-1.31 (webtiles) character file.

Game seed: 13542393944239379274

23690934 Groucho the Timeless (level 19, -3/216 HPs)
             Began as a Naga Fighter on Mar 31, 2021.
             Was a High Priest of Cheibriados.
             Killed from afar by Gokliuh the pandemonium lord (41 damage)
             ... with a great blast of fire
             ... in the Dungeon (Sprint VII: "The Pits").
             The game lasted 00:42:51 (11462 turns).

Groucho the Timeless (Naga Fighter)                Turns: 11462, Time: 00:42:51

Health: -3/216     AC: 38    Str: 34    XL:     19   Next: 62%
Magic:  9/44       EV: 30    Int: 22    God:    Cheibriados [*****.]
Gold:   376        SH: 33    Dex: 27    Spells: 18/18 levels left

rFire    + . .     SeeInvis +   x - +2 war axe (chop)
rCold    . . .     Gourm    .   Y - +5 large shield
rNeg     + . .     Faith    .   b - +6 plate armour of Terror {rElec Dex+2 Slay+3}
rPois    +         Spirit   .   M - +2 helmet {SInv}
rElec    +         Reflect  .   H - +1 cloak {rPois}
rCorr    .         Harm     .   J - +1 pair of gloves
MR       +++..     NoTele   +   (no barding)
Stlth    ..........             (no amulet)
HPRegen  0.46/turn              I - ring "Iceaph" {rF+ MP+9 Slay+3}
MPRegen  0.29/turn              U - ring "Sizuxtithri" {rN+ MR+ EV+6 Dex-4}

@: studying Air Magic, very slow
A: large, see invisible, deformed body, poison resistance, slowness 2, slow
metabolism 1, spit poison 1, constrict 1, AC +6
}: 1/3 runes: silver
a: Spit Poison, Bend Time, Temporal Distortion, Slouch, Step From Time, Renounce
Religion


You were in the Dungeon.
You worshipped Cheibriados.
Cheibriados was extremely pleased with you.
You were very hungry.

You visited 1 branch You collected 376 gold pieces.

Inventory:

Hand Weapons
 q - the +2 morningstar of Veodgh {flame, Str+4 Dex+4}
   (You found it in the Dungeon)

   It has been specially enchanted to surge with flame as it hits, increasing
   damage dealt by approximately one third against foes not resistant or
   susceptible to fire.
   It affects your strength (+4).
   It affects your dexterity (+4).
 x - a +2 war axe of chopping (weapon)
 y - the +9 broad axe of the Glimmering Ass {drain, +Fly rC+++ Str-5 Stlth+}
   (You found it in the Dungeon)

   A truly terrible weapon, it drains the life of those it strikes.
   It affects your strength (-5).
   It renders you almost immune to cold.
   It lets you fly.
   It makes you more stealthy.
 z - the +5 hand crossbow of Infinite Pain {penet, rF+}
   (You found it in the Dungeon)

   Ammo fired by it will pass through the targets it hits, potentially hitting
   all targets in its path until it reaches its maximum range.
   It protects you from fire.
Missiles
 K - 939 bolts
Armour
 b - the +6 plate armour of Terror (worn) {rElec Dex+2 Slay+3}
   (You found it in the Dungeon)

   It affects your dexterity (+2).
   It affects your accuracy and damage with ranged weapons and melee attacks
   (+3).
   It insulates you from electricity.
 H - a +1 cloak of poison resistance (worn)
 J - a +1 pair of gloves (worn)
 L - +2 gold dragon scales
 M - a +2 helmet of see invisible (worn)
 S - a +12 plate armour
 Y - a +5 large shield (worn)
Jewellery
 g - the ring of Greater Demons {Dex+4 Slay+5}
   (You found it in the Dungeon)

   [ring of slaying]

   It affects your dexterity (+4).
   It affects your accuracy and damage with ranged weapons and melee attacks
   (+5).
 h - the ring "Ylaofiryjor" {rElec rF++ rC+ Slay+3}
   (You found it in the Dungeon)

   [ring of slaying]

   It affects your accuracy and damage with ranged weapons and melee attacks
   (+3).
   It greatly protects you from fire.
   It protects you from cold.
   It insulates you from electricity.
 D - the ring of Kuqoisad {rF+ AC+6 Str+4 Int+6 Dex-5}
   (You found it in the Dungeon)

   [ring of protection]

   It affects your AC (+6).
   It affects your strength (+4).
   It affects your intelligence (+6).
   It affects your dexterity (-5).
   It protects you from fire.
 F - the ring of Megalomania {EV+6 Int+6}
   (You found it in the Dungeon)

   [ring of evasion]

   It affects your evasion (+6).
   It affects your intelligence (+6).
 G - an uncursed ring of protection from cold
 I - the ring "Iceaph" (left hand) {rF+ MP+9 Slay+3}
   (You found it in the Dungeon)

   [ring of protection from fire]

   It affects your accuracy and damage with ranged weapons and melee attacks
   (+3).
   It protects you from fire.
   It affects your magic capacity (+9).
 N - the ring "Adux" {rElec rN+}
   (You found it in the Dungeon)

   [ring of positive energy]

   It insulates you from electricity.
   It protects you from negative energy.
 Q - the amulet of the Tempest {Regen Str+2 Dex+2}
   (You found it in the Dungeon)

   [amulet of regeneration]

   It affects your strength (+2).
   It affects your dexterity (+2).
 T - the ring "Edite" {rF+ MR++}
   (You found it in the Dungeon)

   [ring of protection from fire]

   It protects you from fire.
   It affects your resistance to hostile enchantments.
 U - the ring "Sizuxtithri" (right hand) {rN+ MR+ EV+6 Dex-4}
   (You found it in the Dungeon)

   [ring of evasion]

   It affects your evasion (+6).
   It affects your dexterity (-4).
   It protects you from negative energy.
   It affects your resistance to hostile enchantments.
 W - a +5 ring of slaying
 Z - a +5 ring of slaying
Wands
 c - a wand of acid (7)
 R - a wand of paralysis (8)
Scrolls
 a - 2 scrolls of fear
 i - 5 scrolls of identify
 m - 2 scrolls of vulnerability
 n - 5 scrolls of remove curse
 o - 6 scrolls of amnesia
 p - a scroll of summoning
 s - 2 scrolls of enchant armour
 A - 10 scrolls of enchant weapon
 B - 5 scrolls of fog
 V - a scroll of immolation
 X - a scroll of magic mapping
Potions
 d - 8 potions of might
 f - 6 potions of curing
 l - 3 potions of invisibility
 r - a potion of flight
 t - 3 potions of resistance
 u - 5 potions of agility
 v - 5 potions of mutation
 w - 4 potions of brilliance
 C - 4 potions of heal wounds
Miscellaneous
 j - a phial of floods
 O - a lamp of fire
 P - a sack of spiders
Comestibles
 e - 8 rations {!d}


   Skills:
 + Level 23.9 Fighting
 - Level 18.7 Axes
 - Level 19.0 Crossbows
 * Level 23.8 Armour
 * Level 20.1 Dodging
 * Level 23.8 Shields
 + Level 25.5 Invocations


You had 18 spell levels left.
You didn't know any spells.
Your spell library contained the following spells:

 Spells                   Type           Power        Failure   Level  Hunger
 Apportation              Tloc           #.....       93%         1    None
 Blink Other              Tloc           #.....       93%         1    None
 Corona                   Hex            #......      93%         1    None
 Flame Tongue             Conj/Fire      #....        93%         1    None
 Pain                     Necr           #.....       93%         1    None
 Sandblast                Erth           #.....       93%         1    None
 Shock                    Conj/Air       #....        93%         1    None
 Slow                     Hex            #.......     93%         1    None
 Blink                    Tloc           N/A          98%         2    ####...
 Corpse Rot               Necr           N/A          98%         2    ####...
 Flaming Arrows           Chrm/Fire      #.......     98%         2    ####...
 Passwall                 Tmut/Erth      #.......     98%         2    ####...
 Shackle                  Hex            #.......     98%         2    ####...
 Sticks to Snakes         Tmut           #.......     98%         2    ####...
 Sublimation of Blood     Necr           #.........   98%         2    ####...
 Swiftness                Chrm/Air       #.......     98%         2    ####...
 Confuse                  Hex            #.......     100%        3    #####..
 Dazzling Orbs            Conj/Hex       #......      100%        3    #####..
 False Image              Hex/Summ       #.......     100%        3    #####..
 Ignite Poison            Fire/Tmut/Pois #.......     100%        3    #####..
 Inner Flame              Hex/Fire       N/A          100%        3    #####..
 Portal Projectile        Tloc           #.....       100%        3    #####..
 Regeneration             Chrm/Necr      #.........   100%        3    #####..
 Spectral Weapon          Hex/Chrm       #.......     100%        3    #####..
 Static Discharge         Air            #.......     100%        3    #####..
 Stone Arrow              Conj/Erth      #.....       100%        3    #####..
 Teleport Other           Tloc           #.......     100%        3    #####..
 Vampiric Draining        Necr           #.........   100%        3    #####..
 Airstrike                Air            #.........   100%        4    ######.
 Cause Fear               Hex            #.........   100%        4    ######.
 Ice Form                 Ice/Tmut       #.......     100%        4    ######.
 Petrify                  Tmut/Erth      #.........   100%        4    ######.
 Sticky Flame             Conj/Fire      #.......     100%        4    ######.
 Tree Form                Hex/Tmut       N/A          100%        4    ######.
 Yara's Violent Unravell  Hex/Tmut       #.........   100%        4    ######.
 Bolt of Magma            Conj/Fire/Erth #.........   100%        5    #######
 Fireball                 Conj/Fire      #.........   100%        5    #######
 Iskenderun's Battlesphe  Conj/Chrm      #.......     100%        5    #######
 Lee's Rapid Deconstruct  Erth           #.........   100%        5    #######
 Lightning Bolt           Conj/Air       #.........   100%        5    #######
 Metabolic Englaciation   Hex/Ice        #.........   100%        5    #######
 Passage of Golubria      Tloc           N/A          100%        5    #######
 Piercing Shot            Chrm           #.........   100%        5    #######
 Silence                  Hex/Air        #.........   100%        5    #######
 Summon Forest            Summ/Tloc      #.........   100%        5    #######
 Darkness                 Hex            #.........   100%        6    #######
 Deflect Missiles         Chrm/Air       #.........   100%        6    #######
 Infestation              Hex/Tmut/Pois  #........    100%        6    #######
 Invisibility             Hex            #.......     100%        6    #######
 Iron Shot                Conj/Erth      #.........   100%        6    #######
 Ozocubu's Refrigeration  Ice            #.........   100%        6    #######
 Poison Arrow             Conj/Pois      #.........   100%        6    #######
 Simulacrum               Ice/Necr       #.........   100%        6    #######
 Statue Form              Tmut/Erth      #........    100%        6    #######
 Summon Hydra             Summ           #.........   100%        6    #######
 Dragon Form              Tmut           #......      100%        7    #######
 Mana Rupture             Conj/Hex       #.........   100%        7    #######
 Discord                  Hex            #.........   100%        8    #######
 Necromutation            Tmut/Necr      #.......     100%        8    #######
 Fire Storm               Conj/Fire      #.........   100%        9    #######
 Shatter                  Erth           #.........   100%        9    #######


Dungeon Overview and Level Annotations

Branches:
Dungeon (1/1)

Altars:
Ashenzari
Cheibriados
Dithmenos
Elyvilon
Fedhas
Gozag
Hepliaklqana
Kikubaaqudgha
Lugonu
Makhleb
Nemelex Xobeh
Okawaru
Qazlal
Ru
Sif Muna
Trog
Uskayaw
Vehumet
Wu Jian
Xom
Yredelemnul
Zin
The Shining One
Beogh
Jiyva


Innate Abilities, Weirdness & Mutations

You cannot wear boots.
Your serpentine skin is tough. (AC +6)
You have supernaturally acute eyesight. (SInv)
Armour fits poorly on your strangely shaped body.
Your system is resistant to poisons. (rPois)
You cover ground very slowly.
You have a slow metabolism.
You can spit poison.
You can use your snake-like lower body to constrict enemies.


Message History

You constrict the curse toe.
You are feeling very hungry.
You slice the curse toe!!
You destroy the curse toe!
Cheibriados thoroughly appreciates the change of pace.
Cheibriados raises the support of your attributes as your movement slows.
Your Dodging skill increases to level 20!
A golden eye and a pandemonium lord come into view.
You have encountered a dangerous foe!
The golden eye looks around.
The golden eye looks slightly unstable.
The golden eye blinks at you.
You easily resist.
No path to travel!
No path to travel!
The golden eye disappears!
Gokliuh gestures at you.
A raging storm of fire appears!
You partially resist. The great blast of fire engulfs you!!!
You die...

##########
##'#'..##.### .
#.#.##..'##.#
#'
#####'#..#'###
#. #.##..##.#
#' ####'#..'##
#&##
#.#.###..##
#[)###÷##.##..#
#.@'.###'#..#
#..#####.##..##
#'##○ #.##'.)##
# ###'#..'##
#.##..##.###+#
##'..#'##)##.##
#..)##.#)#...#
#..##.###''..[#
####### ####)##


You could see Gokliuh.

Vanquished Creatures
  Khufu (D)
  3 greater mummies (D)
  3 curse toes (D)
  Margery (D)
  2 pandemonium lords (D)
  Saint Roka (D)
  A profane servitor (D)
  2 bone dragons (D)
  5 Brimstone Fiends (D)
  An electric golem (D)
  A Shadow Fiend (D)
  2 hellephants (D)
  2 Ice Fiends (D)
  2 Hell Sentinels (D)
  4 titans (D)
  A quicksilver dragon (D)
  6 deep elf blademasters (D)
  2 deep elf master archers (D)
  4 liches (D)
  Frances (D)
  3 sphinxes (D)
  An acid blob (D)
  A shadow dragon (D)
  A storm dragon (D)
  A draconian monk (D)
  5 frost giants (D)
  2 draconian knights (D)
  2 nagarajas (D)
  4 balrugs (D)
  A deep elf sorcerer (D)
  2 draconian scorchers (D)
  A cacodemon (D)
  A ghost moth (D)
  4 orc warlords (D)
  2 stone giants (D)
  2 angels (D)
  2 fire giants (D)
  2 draconian stormcallers (D)
  2 draconian annihilators (D)
  2 spriggan defenders (D)
  8 ghouls (D)
  An ophan (D)
  2 vampire knights (D)
  A black draconian (D)
  A white draconian (D)
  3 deep elf annihilators (D)
  2 purple draconians (D)
  3 deep elf death magi (D)
  3 blizzard demons (D)
  An ettin (D)
  A green death (D)
  A mummy priest (D)
  5 fire dragons (D)
  Josephine (D)
  A yaktaur captain (D)
  2 deep elf high priests (D)
  2 ice dragons (D)
  4 vault guards (D)
  A shadow wraith (D)
  A catoblepas (D)
  2 naga warriors (D)
  3 hell beasts (D)
  A spriggan air mage (D)
  A merfolk avatar (D)
  A death yak (D)
  4 death knights (D)
  An alligator snapping turtle (D)
  A dancing weapon (D)
  A two-headed ogre (D)
  9 vampire magi (D)
  A sea snake (D)
  A spriggan berserker (D)
  2 deep elf knights (D)
  3 spriggans (D)
  9 skeletal warriors (D)
  A soul eater (D)
  A fire crab (D)
  2 hell knights (D)
  A swamp dragon (D)
  3 sixfirhies (D)
  A spriggan druid (D)
  A flayed ghost (D)
  An unseen horror (D)
  3 wizards (D)
  11 orc knights (D)
  3 harpies (D)
  A necromancer (D)
  A deep elf mage (D)
  A manticore (D)
  2 moths of wrath (D)
  An elephant (D)
  2 rust devils (D)
  4 naga magi (D)
  A guardian serpent (D)
  A molten gargoyle (D)
  A demonic crawler (D)
  An efreet (D)
  A tormentor (D)
  A komodo dragon (D)
  A hellion (D)
  An ice devil (D)
  6 yaktaurs (D)
  A red devil (D)
  A hellwing (D)
  3 freezing wraiths (D)
  A wandering mushroom (D)
  3 hornets (D)
  A wind drake (D)
  2 jumping spiders (D)
  A bog body (D)
  Prince Ribbit (D)
  4 slime creatures (D)
  A hippogriff (D)
  A large abomination (D)
  9 redbacks (D)
  2 vampires (D)
  3 basilisks (D)
  A wyvern (D)
  2 ynoxinuls (D)
  A shadow (D)
  Eustachio (D)
  9 wraiths (D)
  A fire elemental (D)
  Menkaure (D)
  2 nagas (D)
  2 soldier ants (D)
  An acid dragon (D)
  4 hell hounds (D)
  A porcupine (D)
  2 small abominations (D)
  A floating eye (D)
  2 eyes of draining (D)
  3 orc warriors (D)
  A swamp drake (D)
  A black bear (D)
  2 phantoms (D)
  An ogre (D)
  4 necrophages (D)
  2 wolves (D)
  2 centaurs (D)
  Blork the orc (D)
  A gnoll sergeant (D)
  2 earth elementals (D)
  2 jellies (D)
  3 orc priests (D)
  A hound (D)
  2 hell rats (D)
  2 orc wizards (D)
  A worker ant (D)
  7 gnolls (D)
  An adder (D)
  2 river rats (D)
  2 oozes (D)
  An adder zombie (D)
  A worm (D)
  2 adder simulacra (D)
  7 orcs (D)
  A bat (D)
  5 bat simulacra (D)
  4 bat skeletons (D)
  4 bat zombies (D)
  3 giant cockroaches (D)
  3 jackals (D)
  A ball python (D)
  A ball python simulacrum (D)
  2 ball python skeletons (D)
  5 giant cockroach simulacra (D)
  4 giant cockroach zombies (D)
  A goblin (D)
  2 jackal zombies (D)
  A kobold (D)
  2 quokka simulacra (D)
  3 quokka skeletons (D)
  6 fire vortices (D)
391 creatures vanquished.

Vanquished Creatures (others)
  Xtahua (D)
  A jackal skeleton (D)
2 creatures vanquished.

Grand Total: 393 creatures vanquished

Notes
Turn   | Place    | Note
-------+----------+-------------------------------------------
     0 | D        | Groucho the Naga Fighter began the quest for the Orb.
     0 | D        | Reached XP level 1. HP: 21/21 MP: 1/1
    42 | D        | Found a bloodstained altar of Trog.
    42 | D        | Found a shimmering blue altar of Sif Muna.
    42 | D        | Found a viscous altar of Jiyva.
    42 | D        | Found a hazy altar of Hepliaklqana.
    42 | D        | Found an opulent altar of Gozag.
    43 | D        | Found a glowing golden altar of the Shining One.
    43 | D        | Found a glowing silver altar of Zin.
    43 | D        | Found a basalt altar of Yredelemnul.
    43 | D        | Found a shimmering altar of Xom.
    43 | D        | Found an ornate altar of the Wu Jian Council.
    43 | D        | Found a sacrificial altar of Ru.
    43 | D        | Found a stormy altar of Qazlal.
    43 | D        | Found an iron altar of Okawaru.
    43 | D        | Found a sparkling altar of Nemelex Xobeh.
    43 | D        | Found a burning altar of Makhleb.
    43 | D        | Found a blossoming altar of Fedhas.
    43 | D        | Found a white marble altar of Elyvilon.
    43 | D        | Found a shadowy altar of Dithmenos.
    43 | D        | Found a snail-covered altar of Cheibriados.
    46 | D        | Found a corrupted altar of Lugonu.
    46 | D        | Found a radiant altar of Vehumet.
    46 | D        | Found a roughly hewn altar of Beogh.
    47 | D        | Found an ancient bone altar of Kikubaaqudgha.
    47 | D        | Found a hide-covered altar of Uskayaw.
    47 | D        | Found a shattered altar of Ashenzari.
    53 | D        | Became a worshipper of Cheibriados the Contemplative
    74 | D        | Reached * piety under Cheibriados
    94 | D        | Reached skill level 1 in Invocations
    94 | D        | Reached XP level 2. HP: 26/30 MP: 2/2
    95 | D        | Reached ** piety under Cheibriados
   228 | D        | Reached skill level 2 in Invocations
   228 | D        | Reached XP level 3. HP: 34/36 MP: 4/4
   301 | D        | Reached *** piety under Cheibriados
   368 | D        | Noticed Blork the orc
   368 | D        | Noticed a porcupine
   369 | D        | Noticed a phantom
   391 | D        | Killed Blork the orc
   392 | D        | Reached skill level 5 in Fighting
   392 | D        | Reached skill level 3 in Invocations
   392 | D        | Reached XP level 4. HP: 27/46 MP: 4/6
   398 | D        | Killed a porcupine
   399 | D        | Reached skill level 5 in Axes
   399 | D        | Reached skill level 5 in Invocations
   399 | D        | Reached XP level 5. HP: 17/55 MP: 4/8
   411 | D        | Reached **** piety under Cheibriados
   412 | D        | Reached skill level 5 in Armour
   412 | D        | Reached skill level 5 in Shields
   412 | D        | Reached XP level 6. HP: 32/62 MP: 6/10
   412 | D        | Reached ***** piety under Cheibriados
   413 | D        | Reached skill level 6 in Invocations
   421 | D        | Killed a phantom
   640 | D        | Reached XP level 7. HP: 72/72 MP: 12/12
   642 | D        | Noticed a basilisk
   655 | D        | Killed a basilisk
   656 | D        | Reached skill level 7 in Invocations
   707 | D        | Noticed Prince Ribbit
   707 | D        | Noticed Menkaure
   708 | D        | Killed Prince Ribbit
   708 | D        | Reached ****** piety under Cheibriados
   709 | D        | Reached skill level 8 in Invocations
   711 | D        | Killed Menkaure
   712 | D        | Reached XP level 8. HP: 82/82 MP: 7/14
   924 | D        | Noticed a ynoxinul
   924 | D        | Noticed a wraith
   929 | D        | Killed a ynoxinul
   929 | D        | Killed a wraith
  1163 | D        | Reached skill level 9 in Invocations
  1196 | D        | Got the +2 morningstar of Veodgh {flame, Str+4 Dex+4}
  1289 | D        | Noticed a ynoxinul
  1289 | D        | Noticed an orc knight
  1291 | D        | Killed a ynoxinul
  1296 | D        | Killed an orc knight
  1297 | D        | Reached XP level 9. HP: 57/93 MP: 0/16
  1561 | D        | Reached skill level 10 in Invocations
  1771 | D        | Noticed an elephant
  1771 | D        | Noticed a sea snake
  1771 | D        | Noticed a jumping spider
  1779 | D        | Killed an elephant
  1780 | D        | Reached skill level 10 in Fighting
  1780 | D        | Reached skill level 10 in Axes
  1789 | D        | Killed a jumping spider
  1847 | D        | Killed a sea snake
  1848 | D        | Reached skill level 11 in Invocations
  1848 | D        | Reached XP level 10. HP: 69/103 MP: 18/18
  1886 | D        | Noticed a spriggan druid
  1894 | D        | Killed a spriggan druid
  1988 | D        | Noticed an orc knight
  1993 | D        | Killed an orc knight
  1998 | D        | Reached skill level 12 in Invocations
  2075 | D        | Noticed a swamp dragon
  2086 | D        | Noticed a manticore
  2086 | D        | Noticed a demonic crawler
  2087 | D        | Killed a manticore
  2088 | D        | Reached skill level 10 in Armour
  2088 | D        | Reached skill level 10 in Shields
  2088 | D        | Killed a swamp dragon
  2088 | D        | Killed a demonic crawler
  2089 | D        | Reached XP level 11. HP: 114/114 MP: 4/20
  2089 | D        | Noticed Saint Roka
  2090 | D        | Noticed a sixfirhy
  2094 | D        | Killed a sixfirhy
  2111 | D        | Noticed Josephine
  2113 | D        | Killed Saint Roka
  2114 | D        | Reached skill level 13 in Invocations
  2114 | D        | Noticed a spriggan rider
  2116 | D        | Killed a spriggan rider
  2117 | D        | Killed Josephine
  2118 | D        | Reached skill level 14 in Invocations
  2118 | D        | Reached XP level 12. HP: 26/126 MP: 6/22
  2190 | D        | Noticed Eustachio
  2192 | D        | Killed Eustachio
  2438 | D        | Got the ring "Socvepn" {Ice SInv}
  2536 | D        | Noticed a shadow wraith
  2541 | D        | Killed a shadow wraith
  2710 | D        | Noticed a spriggan rider
  2857 | D        | Noticed a two-headed ogre
  2861 | D        | Killed a two-headed ogre
  2862 | D        | Reached skill level 15 in Invocations
  2991 | D        | Noticed a ghost moth
  2991 | D        | Noticed a catoblepas
  2991 | D        | Noticed a death yak
  2992 | D        | Noticed a merfolk avatar
  2992 | D        | Noticed a deep elf blademaster
  2993 | D        | Killed a ghost moth
  2995 | D        | Killed a catoblepas
  2997 | D        | Noticed Frances
  3004 | D        | Killed a merfolk avatar
  3004 | D        | Noticed a vampire mage
  3006 | D        | Killed a deep elf blademaster
  3006 | D        | Killed a death yak
  3007 | D        | Reached skill level 15 in Fighting
  3007 | D        | Gained mutation: You can use your snake-like lower body to
                  | constrict enemies. [Naga growth]
  3007 | D        | Reached XP level 13. HP: 50/138 MP: 19/24
  3008 | D        | Reached skill level 15 in Axes
  3008 | D        | Reached skill level 16 in Invocations
  3008 | D        | Killed Frances
  3265 | D        | Noticed an orc warlord
  3266 | D        | Noticed a nagaraja
  3266 | D        | Noticed an orc warlord
  3270 | D        | Killed an orc warlord
  3271 | D        | Killed a nagaraja
  3271 | D        | Killed an orc warlord
  3272 | D        | Reached skill level 17 in Invocations
  3446 | D        | Noticed a vault guard
  3453 | D        | Killed a vault guard
  3498 | D        | Reached XP level 14. HP: 61/151 MP: 1/26
  3866 | D        | Got the +5 hand crossbow of Infinite Pain {penet, rF+}
  3912 | D        | Noticed a deep elf blademaster
  3920 | D        | Killed a deep elf blademaster
  3926 | D        | Reached skill level 18 in Invocations
  3992 | D        | Got the +6 plate armour of Terror {rElec Dex+2 Slay+3}
  4030 | D        | Got the +5 plate armour "Laoreses" {MP+9}
  4117 | D        | Noticed a ghoul
  4117 | D        | Noticed a ghoul
  4117 | D        | Noticed a ghoul
  4125 | D        | Killed a ghoul
  4127 | D        | Killed a ghoul
  4130 | D        | Killed a ghoul
  4131 | D        | Reached skill level 5 in Crossbows
  4133 | D        | Got the +5 glaive of Hets {flame, rC+ rN+}
  4292 | D        | Noticed a deep elf sorcerer
  4292 | D        | Noticed a nagaraja
  4294 | D        | Killed a deep elf sorcerer
  4295 | D        | Noticed a lich
  4296 | D        | Reached skill level 19 in Invocations
  4296 | D        | Killed a nagaraja
  4302 | D        | Killed a lich
  4303 | D        | Reached skill level 15 in Armour
  4303 | D        | Reached skill level 15 in Shields
  4606 | D        | Noticed a green draconian annihilator
  4607 | D        | Noticed a lich
  4607 | D        | Noticed a sphinx
  4609 | D        | Killed a lich
  4611 | D        | Reached XP level 15. HP: 162/164 MP: 12/28
  4611 | D        | Killed a sphinx
  4671 | D        | Noticed a sphinx
  4675 | D        | Killed a sphinx
  4696 | D        | Noticed a purple draconian monk
  4702 | D        | Killed a purple draconian monk
  4708 | D        | Killed a ghostly purple draconian monk
  4714 | D        | Reached skill level 20 in Invocations
  5117 | D        | Got the amulet of the Tempest {Regen Str+2 Dex+2}
  5119 | D        | Got the ring "Atiasomp" {*Drain rElec rC+ Str-5 Dex+9}
  5121 | D        | Got the amulet of Descent {Rage rElec Str+3}
  5123 | D        | Got the ring "Edite" {rF+ MR++}
  5125 | D        | Got the ring "Sizuxtithri" {rN+ MR+ EV+6 Dex-4}
  5127 | D        | Got the ring "Bobiurr" {Ice rN+ Int+2}
  5131 | D        | Got the amulet "Xuheral" {Regen *Corrode rElec Slay+4}
  5133 | D        | Got the ring of Riczeesk {Fire rElec SInv}
  5135 | D        | Got the amulet of Zaf Pey {Faith rF- rN+ Int+8 Stlth+}
  5159 | D        | Got the ring "Becanikk" {rPois Dex+4}
  5162 | D        | Got the ring of Creativity {+Inv EV-2}
  5165 | D        | Got the amulet "Kunumeaw" {RegenMP *Drain rF+ rN++}
  5168 | D        | Got the ring of Greater Demons {Dex+4 Slay+5}
  5170 | D        | Got the ring of Kuqoisad {rF+ AC+6 Str+4 Int+6 Dex-5}
  5173 | D        | Got the amulet "Wisy Qal" {Spirit MR+ MP-9 Str+5}
  5177 | D        | Got the amulet of the Harvest {Gourm rC+ Int+3}
  5182 | D        | Got the ring of Megalomania {EV+6 Int+6}
  5184 | D        | Got the ring "Iceaph" {rF+ MP+9 Slay+3}
  5186 | D        | Got the ring "Adux" {rElec rN+}
  5188 | D        | Got the ring "Ojeossoe" {*Contam +Blink Int+7 SInv}
  5217 | D        | Got the Grimoire of Floating Malediction
  5222 | D        | Got Sif Muna's Grimoire of the Evil Volcanoes
  5240 | D        | Got Sif Muna's Almanac of Syndicalism
  5246 | D        | Got the Handbook of Fire and Moulding
  5360 | D        | Noticed an angel
  5363 | D        | Reached skill level 1 in Dodging
  5368 | D        | Killed an angel
  5369 | D        | Reached skill level 10 in Crossbows
  5376 | D        | Noticed a fire giant
  5380 | D        | Killed a fire giant
  5548 | D        | Noticed a deep elf blademaster
  5558 | D        | Killed a deep elf blademaster
  5559 | D        | Reached skill level 5 in Dodging
  5564 | D        | Noticed a frost giant
  5577 | D        | Killed a frost giant
  5588 | D        | Noticed an orc warlord
  5596 | D        | Killed an orc warlord
  5621 | D        | Got the Compendium of the Earthen Volcanoes
  5700 | D        | Noticed a profane servitor
  5711 | D        | Killed a profane servitor
  5861 | D        | Noticed a sphinx
  5862 | D        | Reached XP level 16. HP: 176/176 MP: 30/30
  5865 | D        | Killed a sphinx
  5869 | D        | Identified the cursed +2 war axe "Kuvvo" {freeze, rC+}
  5869 | D        | Noticed Xtahua
  5877 | D        | Noticed a deep elf blademaster
  5882 | D        | Killed a deep elf blademaster
  5882 | D        | Killed Xtahua
  5883 | D        | Reached skill level 21 in Invocations
  5883 | D        | Found the +6 fire dragon scales of Xtahua {rF+++ rC- MR+}
  6234 | D        | Noticed an acid blob
  6237 | D        | Killed an acid blob
  6469 | D        | Noticed a frost giant
  6473 | D        | Killed a frost giant
  6745 | D        | Got the +0 executioner's axe "Yfic" {antimagic, rF+ rN+}
  6752 | D        | Got the +0 large shield "Ekaemam" {Str+2 Slay+3}
  6824 | D        | Noticed a lich
  6825 | D        | Noticed a bone dragon
  6828 | D        | Noticed a Brimstone Fiend
  6828 | D        | Identified the cursed ring of Starshine {rN+ Stlth--}
  6829 | D        | Reached skill level 10 in Dodging
  6835 | D        | Noticed a Shadow Fiend
  6841 | D        | Noticed an Executioner
  6841 | D        | Killed a bone dragon
  6844 | D        | Killed a lich
  6845 | D        | Reached skill level 15 in Crossbows
  6846 | D        | Found the +2 pair of boots of the Assassin {Detection Stab+
                  | Stlth++}
  6869 | D        | Got the +1 plate armour "Peroiv" {rCorr}
  6909 | D        | Got a silver rune of Zot
  7041 | D        | Noticed Boagugin the pandemonium lord
  7042 | D        | Noticed a frost giant
  7043 | D        | Noticed a frost giant
  7044 | D        | Killed Boagugin the pandemonium lord
  7045 | D        | Reached XP level 17. HP: 138/188 MP: 24/31
  7047 | D        | Reached skill level 22 in Invocations
  7048 | D        | Noticed a Brimstone Fiend
  7049 | D        | Noticed a titan
  7060 | D        | Killed a Brimstone Fiend
  7072 | D        | Killed a titan
  7337 | D        | Noticed a Shadow Fiend
  7343 | D        | Killed a Shadow Fiend
  7352 | D        | Noticed a hellephant
  7376 | D        | Killed a hellephant
  7772 | D        | Noticed a deep elf master archer
  7776 | D        | Killed a deep elf master archer
  7781 | D        | Noticed a deep elf master archer
  7781 | D        | Noticed a deep elf blademaster
  7783 | D        | Killed a deep elf blademaster
  7783 | D        | Noticed a curse toe
  7783 | D        | Noticed a deep elf blademaster
  7784 | D        | Killed a deep elf master archer
  7785 | D        | Noticed a Brimstone Fiend
  7788 | D        | Killed a deep elf blademaster
  7793 | D        | Killed a Brimstone Fiend
  7794 | D        | Reached skill level 23 in Invocations
  7797 | D        | Reached XP level 18. HP: 69/200 MP: 3/33
  7797 | D        | Noticed a bone dragon
  7863 | D        | Reached skill level 15 in Dodging
  7911 | D        | Killed a curse toe
  7912 | D        | Killed a bone dragon
  8223 | D        | Got the ring "Ylaofiryjor" {rElec rF++ rC+ Slay+3}
  8225 | D        | Got the ring "Juroetiqi" {+Inv rF+ Int+3 Dex+4}
  8228 | D        | Got the ring "Teteloik" {Str+6 Int+4}
  8231 | D        | Got the ring of Ynit {MR+ MP+9 Int+2}
  8234 | D        | Got the ring "Rure" {rF+ SInv}
  8237 | D        | Got the ring "Ruufeas" {*Drain +Fly rElec rF+ Dex+3}
  8241 | D        | Got the +5 swamp dragon scales of Defiance {rPois rF+ MR++
                  | Int-5}
  8249 | D        | Got the +7 bardiche of Qeatwi {speed, *Rage rF++}
  8252 | D        | Got the +9 broad axe of the Glimmering Ass {drain, +Fly
                  | rC+++ Str-5 Stlth+}
  8254 | D        | Got the +7 lajatang of Midsummer {protect, *Noise MP+9
                  | SInv}
  8257 | D        | Got the +7 glaive of Zufebbo {venom, Str+4 Int+3 Dex+3
                  | Stlth+}
  8260 | D        | Got the +7 lajatang "Naedoa" {slice, rN++}
  8263 | D        | Got the +7 executioner's axe of Amortisation {pain, *Drain
                  | rC+ rN+ Dex+4}
  8266 | D        | Got the +7 lajatang "Esedall" {venom, -Tele rElec rPois
                  | MR-}
  8276 | D        | Got the ring "Detaunwu" {MP+9 Str+5}
  8354 | D        | Noticed an Ice Fiend
  8361 | D        | Killed an Ice Fiend
  8603 | D        | Noticed a greater mummy
  8604 | D        | Noticed a Brimstone Fiend
  8622 | D        | Killed a greater mummy
  8977 | D        | Noticed a titan
  8984 | D        | Killed a titan
  8986 | D        | Noticed a titan
  8992 | D        | Killed a titan
  9057 | D        | Noticed an electric golem
  9060 | D        | Killed an electric golem
  9129 | D        | Noticed a curse toe
  9136 | D        | Killed a curse toe
  9453 | D        | Noticed a Brimstone Fiend
  9459 | D        | Killed a Brimstone Fiend
  9460 | D        | Reached skill level 24 in Invocations
  9463 | D        | Noticed a Brimstone Fiend
  9467 | D        | Killed a Brimstone Fiend
  9889 | D        | Noticed a titan
  9897 | D        | Killed a titan
  9907 | D        | Noticed a lich
  9911 | D        | Killed a lich
  9932 | D        | Noticed a hellephant
  9955 | D        | Killed a hellephant
 10353 | D        | Noticed a Hell Sentinel
 10369 | D        | Killed a Hell Sentinel
 10725 | D        | Noticed Khufu
 10737 | D        | Killed Khufu
 10738 | D        | Reached XP level 19. HP: 174/211 MP: 35/35
 10756 | D        | Noticed an Ice Fiend
 10763 | D        | Killed an Ice Fiend
 11156 | D        | Noticed a Hell Sentinel
 11164 | D        | Noticed Margery
 11166 | D        | Noticed a curse toe
 11171 | D        | Noticed a greater mummy
 11186 | D        | Killed a Hell Sentinel
 11186 | D        | Killed Margery
 11433 | D        | Killed a greater mummy
 11434 | D        | Reached skill level 25 in Invocations
 11447 | D        | Noticed a greater mummy
 11449 | D        | Noticed Leplar the pandemonium lord
 11450 | D        | Noticed a Brimstone Fiend
 11452 | D        | Killed Leplar the pandemonium lord
 11454 | D        | Killed a Brimstone Fiend
 11455 | D        | Noticed a Hell Sentinel
 11455 | D        | Killed a greater mummy
 11460 | D        | Killed a curse toe
 11461 | D        | Noticed Gokliuh the pandemonium lord
 11462 | D        | Killed from afar by Gokliuh the pandemonium lord

Skill      XL: |  1  2  3  4  5  6  7  8  9 10 11 12 13 14 15 16 17 18 19 |
---------------+----------------------------------------------------------+-----
Armour         | 3 4 5 7 8 9 10 11 13 14 15 16 18 20 22 23 | 23.8
Shields        | 3 4 5 7 8 9 10 11 13 14 15 16 18 20 22 23 | 23.8
Invocations    | 1 2 3 5 6 8 9 11 12 14 15 17 19 20 21 23 24 25 | 25.5
Axes           | 3 4 5 6 8 9 10 11 13 14 16 18 | 18.7
Fighting       | 4 5 6 7 8 9 10 12 13 15 16 18 19 20 21 23 | 23.9
Crossbows      | 8 12 15 18 19 | 19.0
Dodging        | 7 11 14 18 20 | 20.1

Action                   |  1- 3 |  4- 6 |  7- 9 | 10-12 | 13-15 | 16-18 | 19-21 || total
-------------------------+-------+-------+-------+-------+-------+-------+-------++-------
Melee: Hand axe          |    38 |    21 |    23 |       |       |       |       ||    82
       War axe           |     2 |       |    30 |    71 |   107 |   226 |    51 ||   487
       Constrict         |       |       |       |       |    19 |    30 |     7 ||    56
 Fire: Hand crossbow     |       |       |       |       |    60 |    10 |       ||    70
Invok: Slouch            |       |     1 |    11 |    29 |    53 |    63 |    13 ||   170
  Use: Potion            |     6 |     6 |     1 |     6 |     1 |     8 |     5 ||    33
       Scroll            |       |       |       |       |       |     3 |     2 ||     5
 Stab: Invisible         |       |     3 |       |       |       |       |       ||     3
  Eat: Chunk             |       |       |     2 |       |     3 |     3 |     2 ||    10
       Ration            |       |       |       |     2 |     1 |     2 |       ||     5
Armor: Scale mail        |    10 |       |       |       |       |       |       ||    10
       Chain mail        |     8 |     6 |     1 |       |       |       |       ||    15
       Plate armour      |       |       |    16 |    59 |    54 |    72 |    10 ||   211
Dodge: Dodged            |    16 |     3 |     3 |    17 |    22 |    91 |    25 ||   177
Block: Medium shield     |    22 |    16 |    32 |    56 |   102 |    16 |       ||   244
       Large shield      |       |       |       |       |       |   247 |    66 ||   313
